 Dungeon Crawl Stone Soup version 0.25-a0-413-g3b4b6a4ccc (webtiles) character file.

Game seed: 3416528292645629626, levelgen mode: deterministic

434 ChaosChampion the Conjurer (level 6, -2/45 HPs)
             Began as a Draconian Conjurer on Jan 16, 2020.
             Slain by a centaur (6 damage)
             ... on level 5 of the Dungeon.
             The game lasted 00:10:26 (3973 turns).

ChaosChampion the Conjurer (Draconian Conjurer)     Turns: 3973, Time: 00:10:27

Health: -2/45      AC:  6    Str:  8    XL:     6   Next: 68%
Magic:  12/12      EV: 12    Int: 17    God:
Gold:   188        SH:  0    Dex: 12    Spells: 11/14 levels left

rFire    . . .     SeeInvis .   d - +1 dagger (freeze)
rCold    . . .     Gourm    .   (no shield)
rNeg     . . .     Faith    .   (armour unavailable)
rPois    .         Spirit   .   (helmet restricted)
rElec    .         Reflect  .   (no cloak)
rCorr    .         Harm     .   (no gloves)
MR       .....                  (no boots)
Stlth    ++........             k - amulet of inaccuracy (curse)
HPRegen  0.15/turn              q - -2 ring of strength (curse)
MPRegen  0.13/turn              (no ring)

@: no status effects
A: unfitting armour, cold-blooded, AC +6
a: no special abilities


You were on level 5 of the Dungeon.
You were not hungry.

You visited 1 branch of the dungeon, and saw 5 of its levels.

You collected 188 gold pieces.

Inventory:

Hand Weapons
 d - a +1 dagger of freezing (weapon)
Armour
 a - a +0 helmet
Jewellery
 k - a cursed amulet of inaccuracy (around neck)
 q - a cursed -2 ring of strength (left hand)
Scrolls
 c - 2 scrolls of teleportation
 m - a scroll of blinking {unknown}
 o - a scroll of enchant armour
 s - a scroll of fog {unknown}
 u - a scroll of identify {unknown}
Potions
 e - a potion of haste {unknown}
 f - 3 potions of brilliance {unknown}
 g - a potion of resistance {unknown}
 h - 4 potions of heal wounds {unknown}
 i - 2 potions of mutation {unknown}
 j - 3 potions of degeneration {unknown}
 l - a potion of magic {unknown}
 n - a potion of ambrosia {unknown}
 p - 2 potions of curing
 r - a potion of flight {unknown}
 t - a potion of agility {unknown}
Comestibles
 b - 10 rations


   Skills:
 - Level 1.7 Dodging
 - Level 1.8 Stealth
 + Level 4.6 Spellcasting
 * Level 6.6 Conjurations


You had 11 spell levels left.
You knew the following spells:

 Your Spells              Type           Power        Failure   Level  Hunger
a - Magic Dart            Conj           ####         1%          1    None
b - Searing Ray           Conj           ####..       1%          2    ##.....

Your spell library contained the following spells:

 Spells                   Type           Power        Failure   Level  Hunger
 Dazzling Flash           Conj/Hex       ###...       12%         3    ###....
 Fulminant Prism          Conj/Hex       ###.......   36%         4    ####...
 Iskenderun's Mystic Bla  Conj/Tloc      ###.....     36%         4    ####...


Dungeon Overview and Level Annotations

Branches:
Dungeon (5/15)
 Temple: D:4-7

Altars:
Gozag
Nemelex Xobeh
Ru
Uskayaw
Yredelemnul


Innate Abilities, Weirdness & Mutations

Your plain brown scales are hard. (AC +6)
You cannot fit into any form of body armour.
You are cold-blooded and may be slowed by cold attacks.


Message History

The centaur shouts!
A hound comes into view.
The centaur wields a +0 shortbow.
The centaur shoots an arrow.
The arrow hits you but does no damage.
You see here an arrow.
The centaur shoots an arrow.
The arrow hits you!
The centaur shoots an arrow.
The arrow hits you!
You see here 2 arrows.
The hound barely misses you.
The centaur shoots an arrow.
The arrow hits you!
* * * LOW HITPOINT WARNING * * *
Found 11 gold pieces.
You see here an arrow.
The hound bites you.
* * * LOW HITPOINT WARNING * * *
The centaur shoots an arrow.
The arrow hits you.
* * * LOW HITPOINT WARNING * * *
The hound barely misses you.
There is a sacrificial altar of Ru, spattered with blood here.
The centaur unwields a +0 shortbow.
The centaur hits you.
You die...

# #$# # #.# ### .# #
... ..# #.# #
###.####.# #.# #
......#.# #.# # #
##.##.#.# #.# #
###.#.#..h#.#.### #.#
#
#.....c@_(((....###.#
#
#.#.#.#...#.#.#.....#
# # ##.##.#.#####†# #
......#.# #.# #
###.####.# #.# # ...
..# #.# # #.# ### #.#
## #.# ##.###.
#...##.


You could see a centaur and a hound.

Vanquished Creatures
  An ogre (D:4)
  2 orc priests
  3 orc wizards
  2 worker ants
  4 adders
  An ooze (D:2)
  An adder skeleton (D:4)
  4 worms
  3 dart slugs
  3 leopard geckos
  8 orcs
  3 bats
  2 giant cockroaches
  9 goblins
  5 hobgoblins
  10 jackals
  7 kobolds
  4 quokkas
  A ball python (D:3)
  5 frilled lizards
  A jackal skeleton (D:4)
  5 rats
  A plant (D:2)
85 creatures vanquished.

Notes
Turn   | Place    | Note
-------+----------+-------------------------------------------
     0 | D:1      | ChaosChampion the Draconian Conjurer began the quest for
                  | the Orb.
     0 | D:1      | Reached XP level 1. HP: 14/14 MP: 3/3
   124 | D:1      | Reached XP level 2. HP: 15/20 MP: 1/5
   130 | D:1      | Found a sparkling altar of Nemelex Xobeh.
   167 | D:1      | Learned a level 2 spell: Searing Ray
   956 | D:2      | Reached XP level 3. HP: 26/26 MP: 4/6
  1165 | D:2      | Found an opulent altar of Gozag.
  1934 | D:3      | Reached skill level 5 in Conjurations
  1934 | D:3      | Reached XP level 4. HP: 33/33 MP: 2/8
  2461 | D:3      | Reached XP level 5. HP: 38/38 MP: 0/10
  2491 | D:3      | You fall into a shaft and drop 1 floor!
  3065 | D:4      | Reached skill level 6 in Conjurations
  3065 | D:4      | Reached XP level 6. HP: 29/45 MP: 2/12
  3538 | D:4      | Found a hide-covered altar of Uskayaw.
  3538 | D:4      | Found a basalt altar of Yredelemnul.
  3885 | D:5      | Entered Level 5 of the Dungeon
  3965 | D:5      | Found a sacrificial altar of Ru.
  3973 | D:5      | Slain by a centaur

Levels and vault maps discovered:
D:1:      dpeg_arrival_leaves_temple_mockup, layout_basic, nemelex_altar_shiori
D:2:      layout_basic, serial_forest, infiniplex_forest_straight_3,
          infiniplex_forest_clump_small, infiniplex_forest_clump_double,
          infiniplex_forest_corner_1, infiniplex_forest_split,
          infiniplex_forest_clump_long, infiniplex_forest_end_3,
          infiniplex_forest_clump_tiny, grunt_gozag_statues
D:3:      layout_rooms
D:4:      layout_loops_corners, amethyst_overflow_temple_binary, first_ration
D:5:      layout_loops_ring, nicolae_ru_sacrificial_ziggurat,
          minmay_temple_entry_steel_oval

Skill      XL: |  1  2  3  4  5 |
---------------+----------------+-----
Conjurations   | 5 6 |  6.6
Spellcasting   | 3 4 |  4.6
Dodging        | |  1.7
Stealth        | |  1.8

Action                   |  1- 3 |  4- 6 || total
-------------------------+-------+-------++-------
Melee: Unarmed           |    24 |       ||    24
       Tailslap          |    15 |     5 ||    20
       Dagger            |    83 |    91 ||   174
 Cast: Magic Dart        |    56 |    67 ||   123
       Searing Ray       |     2 |    11 ||    13
  Use: Scroll            |       |     5 ||     5
  Eat: Chunk             |     2 |     2 ||     4
       Ration            |       |     2 ||     2
Armor: Skin              |    13 |    67 ||    80
Dodge: Dodged            |    29 |   104 ||   133

Table legend:
 A = Non-vault XP
 B = Vault XP
 C = Vault XP percentage of total XP
 D = Non-vault monster count
 E = Vault monster count
 F = Vault count percentage of total count
                 A         B        C        D         E       F
            +---------+---------+-------+---------+---------+-------
      Total |     621 |       0 |   0.0 |      84 |       0 |   0.0
            +---------+---------+-------+---------+---------+-------
        D:1 |      40 |       0 |   0.0 |      21 |       0 |   0.0
        D:2 |      39 |       0 |   0.0 |      11 |       0 |   0.0
        D:3 |     185 |       0 |   0.0 |      33 |       0 |   0.0
        D:4 |     316 |       0 |   0.0 |      16 |       0 |   0.0
        D:5 |      41 |       0 |   0.0 |       3 |       0 |   0.0
            +---------+---------+-------+---------+---------+-------
